Map: Concord LE

Players

redbusman

  • Race: Terran Terran
  • League: Bronze
  • Spawn Location: 1:00

twoshoes

  • Race: Protoss Protoss
  • Spawn Location: 12:00

Kingfischer

  • Race: Terran Terran
  • League: Bronze
  • Spawn Location: 3:00

finessipov

  • Race: Terran Terran
  • League: Platinum
  • Spawn Location: 3:00

SourSpinach

  • Race: Protoss Protoss
  • Spawn Location: 6:00

DKnight

  • Race: Protoss Protoss
  • Spawn Location: 6:00

Klotski

  • Race: Terran Terran
  • Spawn Location: 7:00

juno

  • Race: Terran Terran
  • League: Master
  • Spawn Location: 9:00

VOD

Have the link to the VOD?

Description

Time

  • Played on: July 12, 2020, 11:58 p.m.
  • Length: 2:42
Show
View Real Time Build Order
Export as new Build Order

redbusman Terran 

Build Orders:  

Get SALT Encoding   

  12  0:01  SCV  
  13  0:14  Supply Depot  
  13  0:18  SCV  
  14  0:39  SCV  
  15  0:51  SCV  
  16  1:03  SCV  
  17  1:15  SCV, Barracks  
  18  1:27  SCV, Barracks  
  18  1:29  Barracks  
  19  1:36  Engineering Bay  
  19  1:39  SCV  
  19  1:52  SCV  
  20  2:20  Marine  
Show
View Real Time Build Order
Export as new Build Order

twoshoes Protoss 

Build Orders: Cannon Rush 

Get SALT Encoding   

  12  0:01  Probe  
  13  0:13  Probe  
  14  0:24  Pylon  
  14  0:26  Probe  
  15  1:01  Forge  
  15  1:05  Probe  
  16  1:17  Probe  
  16  1:18  Pylon  
  17  1:27  Pylon  
  17  1:29  Probe  
  18  1:40  Photon Cannon  
  18  1:47  Photon Cannon  
  18  1:55  Photon Cannon  
  18  1:58  Pylon  
  18  2:04  Photon Cannon  
Show
View Real Time Build Order
Export as new Build Order

Kingfischer Terran 

Build Orders:  

Get SALT Encoding   

  12  0:01  SCV  
  13  0:13  SCV  
  14  0:25  Supply Depot, SCV  
  15  0:31  Supply Depot  
  15  0:47  SCV  
  16  0:52  Barracks  
  16  0:59  Supply Depot  
  16  1:00  SCV  
  17  1:12  SCV  
  17  1:16  Refinery  
  18  1:25  SCV, Barracks  
  19  1:37  SCV  
  20  1:49  SCV  
  20  1:53  Barracks  
  21  2:01  Refinery  
  21  2:02  SCV  
  22  2:13  Barracks Tech Lab  
  22  2:15  Barracks Reactor  
  22  2:19  Barracks  
  22  2:24  SCV  
Show
View Real Time Build Order
Export as new Build Order

finessipov Terran 

Build Orders:  

Get SALT Encoding   

  12  0:01  SCV  
  13  0:13  SCV  
  14  0:18  Supply Depot  
  14  0:25  SCV  
  15  0:40  SCV  
  15  0:41  Barracks  
  16  0:52  SCV  
  16  0:56  Refinery  
  17  1:16  Supply Depot  
  17  1:29  Marine  
  17  1:31  Orbital Command  
  18  1:40  Supply Depot  
  18  1:47  Marine  
  19  2:05  Marine  
  11  2:23  Marine  
  11  2:33  Factory  
Show
View Real Time Build Order
Export as new Build Order

SourSpinach Protoss 

Build Orders: Cannon Rush 

Get SALT Encoding   

  12  0:01  Probe  
  13  0:13  Probe  
  14  0:18  Pylon  
  14  0:25  Probe  
  15  0:37  Probe  
  15  0:40  Forge  
  16  0:49  Probe  
  17  1:01  Probe  
  18  1:09  Pylon  
  18  1:27  Pylon  
  18  1:31  Photon Cannon  
  18  1:32  Photon Cannon  
  18  1:45  Photon Cannon  
  18  1:51  Photon Cannon  
  18  2:08  Photon Cannon  
  18  2:15  Probe  
  17  2:20  Assimilator  
  17  2:22  Gateway  
  18  2:23  Probe  
  18  2:24  Assimilator  
  19  2:32  Pylon  
Show
View Real Time Build Order
Export as new Build Order

DKnight Protoss 

Build Orders: Nexus First 

Get SALT Encoding   

  12  0:02  Probe  
  13  0:18  Probe  
  14  0:22  Pylon  
  14  0:30  Probe  
  15  0:42  Probe  
  16  0:55  Probe  
  16  0:57  Nexus  
  16  1:04  Probe  
  18  1:13  Probe  
  19  1:34  Gateway  
  19  1:37  Assimilator  
  19  1:40  Assimilator, Probe  
  19  1:41  Gateway  
  21  1:54  Probe  
  21  2:08  Probe  
  22  2:09  Probe  
  23  2:26  Cybernetics Core  
  23  2:40  Nexus  
Show
View Real Time Build Order
Export as new Build Order

Klotski Terran 

Build Orders:  

Get SALT Encoding   

  12  0:01  SCV  
  13  0:13  SCV  
  14  0:24  Supply Depot  
  14  0:25  SCV  
  15  0:56  Barracks  
  15  0:59  Barracks  
  15  1:06  Barracks  
  15  1:09  SCV  
  16  1:21  SCV  
  17  1:34  SCV  
  18  1:44  Marine  
  19  1:47  Marine  
  19  1:49  Barracks  
  20  1:57  Supply Depot  
  20  1:59  Marine  
  21  2:08  Marine  
  21  2:09  Marine  
  21  2:14  Barracks  
  23  2:18  Marine  
  24  2:23  SCV  
Show
View Real Time Build Order
Export as new Build Order

juno Terran 

Build Orders: Reaper Expand 

Get SALT Encoding   

  12  0:01  SCV  
  13  0:15  Supply Depot  
  13  0:18  SCV  
  14  0:30  SCV  
  15  0:38  Barracks  
  15  0:42  SCV  
  16  0:45  Refinery  
  16  0:54  SCV  
  17  1:06  SCV  
  18  1:18  SCV  
  19  1:28  Reaper  
  19  1:32  Orbital Command  
  20  1:49  Refinery  
  20  1:55  Supply Depot  
  20  2:09  Command Center, SCV, Barracks Tech Lab  
  21  2:21  SCV  
  22  2:29  Factory  
Tags
 
Add a new tag
Caveats
  • Supply blocks, unpowered buildings, or Contaminate may cause inaccurate times.
  • Supply counts are checked every 10 seconds.